 Dungeon Crawl Stone Soup version 0.18-a0-1721-gc4d1f22 (webtiles) character file.

12748 azaza322 the Blocker (level 11, -2/72 HPs)
             Began as a Gargoyle Fighter on Apr 9, 2016.
             Was a High Priest of Okawaru.
             Killed from afar by a steam dragon (16 damage)
             ... with a ball of steam
             ... on level 10 of the Dungeon.
             The game lasted 00:35:49 (9003 turns).

azaza322 the Blocker (Gargoyle Fighter)             Turns: 9003, Time: 00:35:50

Health: -2/72      AC: 26    Str: 26    XL:     11   Next: 98%
Magic:  11/11      EV:  9    Int:  9    God:    Okawaru [*****.]
Gold:   811        SH: 16    Dex: 13    Spells: 0 memorised, 10 levels left

rFire  . . .     SeeInvis .     j - +5 flail (crush)
rCold  . . .     Gourm    .     b - +0 scale mail
rNeg   + + +     Faith    .     c - +1 shield
rPois  ∞         Spirit   .     B - +2 helmet "Forget-Me-Not" {rN++ Dex+3}
rElec  +         Dismiss  .     F - +2 cloak
rCorr  .         Reflect  .     u - +0 pair of gloves
SustAt .         Harm     .     L - +0 pair of boots
MR     +....                    (no amulet)
Stlth  ..........               P - +4 ring of strength
                                i - ring of protection from magic

@: somewhat resistant to hostile enchantments, extremely unstealthy
A: big wings, large bone plates 1, negative energy resistance 1, electricity
resistance, unbreathing, petrification resistance, rot immunity, AC +7
a: Fly, Heroism, Finesse, Renounce Religion


You were on level 10 of the Dungeon.
You worshipped Okawaru.
Okawaru was extremely pleased with you.
You were not hungry.

You visited 2 branches of the dungeon, and saw 12 of its levels.

You collected 811 gold pieces.

Inventory:

Hand Weapons
 j - a +5 flail of crushing (weapon)
 Q - a +1 morningstar of holy wrath
Missiles
 Y - 7 javelins of penetration (quivered)
Armour
 b - a +0 scale mail (worn)
 c - a +1 shield (worn)
 l - a +1 hat
 u - a +0 pair of gloves (worn)
 B - the +2 helmet "Forget-Me-Not" (worn) {rN++ Dex+3}
   (You found it on level 5 of the Dungeon)

   It affects your dexterity (+3).
   It greatly protects you from negative energy.
 F - a +2 cloak (worn)
 L - a +0 pair of boots (worn)
Jewellery
 i - a ring of protection from magic (left hand)
 P - a +4 ring of strength (right hand)
 R - a +3 ring of intelligence
Wands
 k - a wand of disintegration (10/24)
 z - a wand of paralysis (7/24)
 G - a wand of iceblast (10/15)
 I - a wand of disintegration (17/24)
 S - a wand of random effects (37/48)
Scrolls
 g - 8 scrolls of identify
 o - 2 scrolls of teleportation
 q - 2 scrolls of enchant armour
 x - 4 scrolls of fog
 N - a scroll of acquirement {unknown}
 U - a scroll of brand weapon {unknown}
 W - a scroll of magic mapping {unknown}
 X - 2 scrolls of fear
Potions
 a - a potion of degeneration {unknown}
 d - 2 potions of might
 e - a potion of cure mutation
 m - 3 potions of curing
 p - 2 potions of ambrosia {unknown}
 r - a potion of invisibility {unknown}
 v - a potion of magic {unknown}
 w - a potion of cancellation {unknown}
 A - a potion of flight {unknown}
 C - a potion of heal wounds
 D - a potion of resistance {unknown}
 E - 4 potions of agility {unknown}
 H - a potion of brilliance {unknown}
 J - a potion of lignification {unknown}
 T - a potion of beneficial mutation {unknown}
Books
 s - a book of the Sky

   Spells                             Type                      Level
   a - Summon Lightning Spire         Summoning/Air                4
   b - Airstrike                      Air                          4
   c - Silence                        Hexes/Air                    5
   d - Deflect Missiles               Charms/Air                   6
   e - Conjure Ball Lightning         Conjuration/Air              6
   f - Tornado                        Air                          9
 y - a book of Fire

   Spells                             Type                      Level
   a - Ignite Poison                  Fire/Transmutation/Poison    3
   b - Fireball                       Conjuration/Fire             5
   c - Bolt of Fire                   Conjuration/Fire             6
   d - Delayed Fireball               Conjuration/Fire             7
   e - Ring of Flames                 Charms/Fire                  7
 M - a Necronomicon

   Spells                             Type                      Level
   a - Haunt                          Necromancy/Summoning         7
   b - Borgnjor's Revivification      Necromancy                   8
   c - Death's Door                   Charms/Necromancy            8
   d - Necromutation                  Transmutation/Necromancy     8
Comestibles
 f - 8 bread rations
 h - 7 meat rations
 n - 10 fruits
 t - a slice of pizza
 O - 2 beef jerkies
 V - a chunk of flesh


   Skills:
 + Level 9.9 Fighting
 + Level 11.3 Maces & Flails
 + Level 7.9 Armour
 - Level 0.4 Dodging
 + Level 12.0 Shields


You had 10 spell levels left.
You didn't know any spells.

Dungeon Overview and Level Annotations

Branches:
Dungeon (11/15)            Temple (1/1) D:5            Lair (0/8) D:10
    Orc (0/2) D:10

Altars:
Ashenzari
Cheibriados
Dithmenos
Elyvilon
Fedhas
Gozag
Kikubaaqudgha
Makhleb
Nemelex Xobeh
Okawaru
Pakellas
Qazlal
Ru
Sif Muna
Trog
Vehumet
Xom
Yredelemnul
Zin
The Shining One
Beogh


Innate Abilities, Weirdness & Mutations

You are resistant to torment.
Your stone body is resilient (AC +7).
You are immune to poison.
You resist negative energy.
You are resistant to electric shocks.
You can survive without breathing.
You are immune to petrification.
You are immune to rotting.
Your large and strong wings let you fly indefinitely.
You are partially covered in large bone plates (AC +2, SH +2).


Message History

You are engulfed in a cloud of scalding steam.
* * * LOW HITPOINT WARNING * * *
You block the steam dragon's attack. x2
You hit the steam dragon.
The steam dragon is almost dead.
You are engulfed in a cloud of scalding steam.
The steam dragon breathes steam at you. You block the ball of steam.
You completely miss the steam dragon.
The steam dragon is almost dead.
You closely miss the steam dragon.
The steam dragon is almost dead.
The steam dragon bites you but does no damage.
You block the steam dragon's attack.
Your shield prevents you from hitting the steam dragon.
The steam dragon is almost dead.
You are engulfed in a cloud of scalding steam.
The steam dragon breathes steam at you. The ball of steam hits you!
You die...

#..(..#....#..........##.###
#..........#..........##...##
######....##.....<....####..#
##...............#####..
#####....)>.....##.>###
#.....)[[..........
##.......(...#.###..
#.D..(((.##.##.#...#
#..@........##...###
#........##.........
#........###....###.
#.....§...###...##..
#..............##..#
#(....§..###...#).##
#........# ##.÷....#
##########........# #........
#.........###########..###...


You could see a steam dragon.

Vanquished Creatures
  Snorg (D:9)
  2 unseen horrors (D:10)
  The ghost of Uberwunderbarhen the Ducker, a novice OpTm of Makhleb (D:8)
  Pikel (D:7)
  A hill giant (D:10)
  Joseph (D:9)
  A komodo dragon (D:10)
  A troll (D:9)
  Grinder (D:4)
  A wraith (D:9)
  Sigmund (D:4)
  4 wyverns
  4 yaks (D:8)
  A hungry ghost (D:9)
  Edmund (D:4)
  The ghost of AmuletOfHam the Insei, an amateur OpTm (D:4)
  10 orc warriors
  2 black bears
  An ice beast (D:8)
  3 phantoms
  4 sky beasts
  A boggart (D:11)
  6 ogres
  5 centaurs
  3 necrophages
  Blork the orc (D:4)
  A big kobold (D:7)
  9 giant frogs
  A water moccasin skeleton (D:9)
  2 scorpions
  3 killer bees (D:10)
  6 wights (D:9)
  2 howler monkeys
  3 jellies
  4 crimson imps
  A centaur zombie (D:8)
  2 human zombies (D:9)
  A quasit (D:10)
  7 hounds
  Crazy Yiuf (D:6)
  3 giant frog skeletons
  12 orc wizards
  16 orc priests
  A human skeleton (D:9)
  3 iguanas
  8 worker ants
  The ghost of Satanail the Skirmisher, a weakling HOFi (D:3)
  A hound zombie (D:8)
  A mummy (D:9)
  A hound skeleton (D:7)
  A howler monkey zombie (D:5)
  Robin (D:3)
  4 gnolls (D:5)
  15 adders
  A shadow imp (D:5)
  An ooze (D:3)
  An adder skeleton (D:5)
  3 worms
  2 dart slugs (D:4)
  4 giant geckos
  86 orcs
  10 giant cockroaches
  13 goblins
  13 hobgoblins
  13 jackals
  15 kobolds
  A quokka (D:3)
  7 bats
  5 giant newts
  A jackal skeleton (D:4)
  2 orc zombies (D:9)
  2 rats (D:3)
  A bush (D:6)
351 creatures vanquished.

Notes
Turn   | Place    | Note
--------------------------------------------------------------
     0 | D:1      | azaza322 the Gargoyle Fighter began the quest for the Orb.
     0 | D:1      | Reached XP level 1. HP: 14/14 MP: 1/1
    62 | D:1      | Reached XP level 2. HP: 6/19 MP: 2/2
   629 | D:2      | Found a glowing silver altar of Zin.
   715 | D:2      | Reached XP level 3. HP: 22/23 MP: 3/3
   804 | D:2      | Reached skill level 4 in Shields
  1288 | D:3      | Reached XP level 4. HP: 29/29 MP: 4/4
  1597 | D:3      | Noticed Robin
  1663 | D:3      | Killed Robin
  1663 | D:3      | Reached XP level 5. HP: 18/33 MP: 5/5
  1681 | D:3      | Noticed Satanail's ghost (weakling HOFi)
  1699 | D:3      | Killed Satanail's ghost
  1769 | D:3      | Reached skill level 5 in Shields
  1839 | D:3      | Reached XP level 6. HP: 38/38 MP: 6/6
  2447 | D:4      | Noticed Grinder
  2471 | D:4      | Killed Grinder
  2471 | D:4      | Reached skill level 6 in Shields
  2471 | D:4      | Reached XP level 7. HP: 32/44 MP: 7/7
  2485 | D:4      | Noticed Sigmund
  2520 | D:4      | Killed Sigmund
  2520 | D:4      | Reached skill level 5 in Armour
  2619 | D:4      | Found a white marble altar of Elyvilon.
  2628 | D:4      | Found a deep blue altar of Sif Muna.
  2653 | D:4      | Noticed AmuletOfHam's ghost (amateur OpTm)
  2671 | D:4      | Killed AmuletOfHam's ghost
  2700 | D:4      | Noticed Edmund
  2734 | D:4      | Killed Edmund
  2734 | D:4      | Reached skill level 5 in Fighting
  2734 | D:4      | Reached XP level 8. HP: 27/49 MP: 8/8
  2789 | D:4      | Reached skill level 7 in Shields
  2935 | D:4      | Reached skill level 5 in Maces & Flails
  3054 | D:4      | Noticed Blork the orc
  3086 | D:4      | Killed Blork the orc
  3167 | D:5      | Entered Level 5 of the Dungeon
  3408 | D:5      | Found a staircase to the Ecumenical Temple.
  3417 | Temple   | Entered the Ecumenical Temple
  3627 | D:5      | Found a stormy altar of Qazlal.
  3665 | D:5      | Got a faintly humming helmet
  3676 | D:5      | Identified the +2 helmet "Forget-Me-Not" {rN++ Dex+3} (You found it on level 5 of the Dungeon)
  4112 | D:6      | Found an iron altar of Okawaru.
  4123 | D:6      | Became a worshipper of Warmaster Okawaru
  4285 | D:6      | Found a sparkling altar of Nemelex Xobeh.
  4288 | D:6      | Found a shadowy altar of Dithmenos.
  4345 | D:6      | Found a glowing golden altar of the Shining One.
  4347 | D:6      | Found a shimmering altar of Xom.
  4349 | D:6      | Found a sacrificial altar of Ru.
  4461 | D:6      | Reached skill level 8 in Shields
  4642 | D:6      | Reached XP level 9. HP: 55/55 MP: 9/9
  4951 | D:6      | Noticed Crazy Yiuf
  4960 | D:6      | Killed Crazy Yiuf
  5090 | D:7      | Reached * piety under Okawaru
  5477 | D:7      | Noticed Pikel
  5498 | D:7      | Killed Pikel
  5498 | D:7      | Reached skill level 9 in Shields
  5556 | D:7      | Reached ** piety under Okawaru
  5588 | D:7      | Found a sparkling altar of Nemelex Xobeh.
  5805 | D:8      | Noticed Uberwunderbarhen's ghost (novice OpTm)
  5861 | D:8      | Killed Uberwunderbarhen's ghost
  5861 | D:8      | Reached XP level 10. HP: 35/63 MP: 10/10
  5989 | D:8      | Reached skill level 10 in Shields
  6009 | D:8      | Reached *** piety under Okawaru
  6338 | D:8      | Found a snail-covered altar of Cheibriados.
  6373 | D:8      | Found a blossoming altar of Fedhas.
  6693 | D:9      | Noticed Joseph
  6706 | D:9      | Reached **** piety under Okawaru
  6730 | D:9      | Killed Joseph
  6833 | D:9      | Found a burning altar of Makhleb.
  6844 | D:9      | Reached XP level 11. HP: 69/69 MP: 11/11
  6932 | D:9      | Reached ***** piety under Okawaru
  6936 | D:9      | Gained mutation: Your large and strong wings let you fly indefinitely. [mutagenic meat]
  6937 | D:9      | Gained mutation: You are partially covered in large bone plates (AC +2, SH +2). [mutagenic meat]
  6999 | D:9      | Reached skill level 10 in Maces & Flails
  7055 | D:9      | Found a basalt altar of Yredelemnul.
  7150 | D:9      | Reached skill level 11 in Shields
  7563 | D:9      | Found a basalt altar of Yredelemnul.
  7623 | D:10     | Entered Level 10 of the Dungeon
  7623 | D:10     | Found a staircase to the Lair.
  7623 | D:10     | Noticed Snorg
  7630 | D:9      | Killed Snorg
  7745 | D:10     | Received a gift from Okawaru
  7837 | D:10     | Killed an unseen horror
  8320 | D:10     | Found a roughly hewn altar of Beogh.
  8320 | D:10     | Found a staircase to the Orcish Mines.
  8447 | D:10     | Found a sparkling altar of Nemelex Xobeh.
  8696 | D:10     | Noticed a hill giant
  8705 | D:10     | Killed a hill giant
  8806 | D:11     | Noticed a cyan ugly thing
  8806 | D:11     | Noticed a green ugly thing
  8917 | D:10     | Killed an unseen horror
  8984 | D:11     | Reached skill level 12 in Shields
  9003 | D:10     | Killed from afar by a steam dragon

Vault maps used:
D:1:      dpeg_arrival_tiny_c, serial_corexii_hall, corexii_hall_statues_x,
          corexii_hall_statues_i, corexii_hall_statues_l
D:2:      old_standard_altar
D:3:      uniq_robin
D:4:      kennysheep_little_box, nicolae_overflow_crystal_walls, st_stairs_10,
          uniq_blork_the_orc, uniq_sigmund, uniq_edmund, uniq_grinder
D:5:      grunt_qazlal_clouds, lemuel_temple_firewalk_marked, serial_curves,
          eino_curves_01, eino_curves_01, first_bread, minivault_19
D:6:      old_standard_altar, nicolae_overflow_hidden_temple,
          uniq_crazy_yiuf_cottage
D:7:      serial_glass, glass_columns_c, glass_columns_b,
          hangedman_abyss_or_decor_stagger, nemelex_spade_bored_becter,
          uniq_pikel
D:8:      slow_altar_2, fedhas_altar_4
D:9:      lemuel_mausoleum_altar_yredelemnul, makhleb_heckhound_becter,
          special_room, basic_altar, uniq_joseph
D:10:     lair_0_dummy, david_orc_5, basic_altar, uniq_snorg
D:11:     hangedman_tree_tricks
Temple:   hc_temple_tempest_star_small

Skill      XL: |  1  2  3  4  5  6  7  8  9 10 11 |
---------------+----------------------------------+-----
Shields        | 4 5 6 8 9 10 12 | 12.0
Maces & Flails | 3 4 6 8 9 11 | 11.3
Armour         | 4 5 6 7 |  7.9
Fighting       | 4 5 6 7 8 9 |  9.9
Dodging        | |  0.4

Action                   |  1- 3 |  4- 6 |  7- 9 | 10-12 || total
-------------------------+-------+-------+-------+-------++-------
Melee: Flail             |   147 |   245 |   352 |   651 ||  1395
Throw: Javelin           |       |       |       |    10 ||    10
  Use: Scroll            |       |     7 |     3 |     2 ||    12
       Potion            |       |     1 |     1 |     3 ||     5
  Eat: Chunk             |     1 |     5 |    11 |    15 ||    32
